PAA
ATHLETIC CLUB KC ACADEMY @ MINNESOTA LOONS
07/12/2024
 
TOP OF THE 1ST
Athletic Club KC Academy batting - Pitching for Minnesota Loons : LHP Adrian Neumann
Pitching: LHP Adrian Neumann
Batting: SHB António Montés 0-0: Called Strike
0-1: Called Strike
0-2: Foul Ball, location: 2F
0-2: Foul Ball, location: 2F
0-2: Strikes out looking
Batting: SHB Eric Moore 0-0: Ball
1-0: Foul Ball, location: 2F
1-1: Foul Ball, location: 2F
1-2: Fly out, F8 (Flyball, 8RM)
Batting: RHB Allen Williams 0-0: Called Strike
0-1: Swinging Strike
0-2: Fly out, F9 (Flyball, 89M)
Top of the 1st over - 0 run(s), 0 hit(s), 0 error(s), 0 left on base; Athletic Club KC Academy 0 - Minnesota 0
BOTTOM OF THE 1ST
Minnesota Loons batting - Pitching for Athletic Club KC Academy : LHP Fernando Durán
Pitching: LHP Fernando Durán
Batting: LHB Ángel López 0-0: Ball
1-0: Foul Ball, location: 2F
1-1: Ball
2-1: Ball
3-1: Called Strike
3-2: Foul Ball, location: 2F
3-2: Base on Balls
Batting: LHB Eugene Henson 0-0: Ball
1-0: Ball
Passed Ball!
Ángel López to second
2-0: Ball
3-0: Base on Balls
Batting: LHB Miguel Zúñiga 0-0: Ball
1-0: Ball
2-0: Ball
3-0: Called Strike
3-1: Base on Balls
Ángel López to third
Eugene Henson to second
Batting: RHB Octávio Zúñiga 0-0: Called Strike
0-1: Fly out, F7 (Line Drive, 7LM)
Runner from 3rd tags up, SCORES, no throw
Batting: LHB José León 0-0: Ball
Eugene Henson steals 3rd base
Miguel Zúñiga to second
1-0: Called Strike
1-1: Called Strike
1-2: Fly out, F7 (Line Drive, 7LD)
Runner from 3rd tags up, SCORES, no throw
Batting: LHB José Pacheco 0-0: Called Strike
0-1: Ball
1-1: Ball
2-1: Foul Ball, location: 2F
2-2: Ball
3-2: Strikes out swinging
Bottom of the 1st over - 2 run(s), 0 hit(s), 0 error(s), 1 left on base; Athletic Club KC Academy 0 - Minnesota 2
TOP OF THE 2ND
Athletic Club KC Academy batting - Pitching for Minnesota Loons : LHP Adrian Neumann
Batting: RHB José Flores 0-0: Ball
1-0: Ball
2-0: Called Strike
2-1: DOUBLE (Line Drive, 7LM)
Batting: RHB Chris Teague 0-0: Called Strike
0-1: Ball
1-1: Swinging Strike
1-2: Strikes out swinging
Batting: LHB Manuel Domínguez 0-0: Ball
1-0: Foul Ball, location: 2F
1-1: Ball
Wild Pitch!
José Flores to third
2-1: DOUBLE (Flyball, 8RXD)
José Flores scores
Batting: RHB Ted Stephens 0-0: Fly out, F7 (Flyball, 7M)
Batting: RHB Iván Chacón 0-0: Called Strike
0-1: DOUBLE (Flyball, 8LXD)
Manuel Domínguez scores
Batting: SHB Fernando Luna 0-0: Called Strike
0-1: Ball
1-1: Ball
2-1: Ground out 6-3 (Groundball, 6M)
Top of the 2nd over - 2 run(s), 3 hit(s), 0 error(s), 1 left on base; Athletic Club KC Academy 2 - Minnesota 2
BOTTOM OF THE 2ND
Minnesota Loons batting - Pitching for Athletic Club KC Academy : LHP Fernando Durán
Batting: SHB Auburn Calloway 0-0: Called Strike
0-1: Foul Ball, location: 2F
0-2: Ball
1-2: Strikes out swinging
Batting: RHB Nathaniel Griffin 0-0: Ground out 3-1 (Groundball, 34)
Batting: LHB Andrew Palmer 0-0: SINGLE (Flyball, 6MD)
Batting: LHB Ángel López 0-0: Called Strike
0-1: Foul Ball, location: 2F
0-2: Ball
1-2: Ball
2-2: Strikes out looking
Bottom of the 2nd over - 0 run(s), 1 hit(s), 0 error(s), 1 left on base; Athletic Club KC Academy 2 - Minnesota 2
TOP OF THE 3RD
Athletic Club KC Academy batting - Pitching for Minnesota Loons : LHP Adrian Neumann
Batting: SHB António Montés 0-0: Called Strike
0-1: Swinging Strike
0-2: Foul Ball, location: 2F
0-2: Ball
1-2: Ball
2-2: Strikes out swinging
Batting: SHB Eric Moore 0-0: Called Strike
0-1: Swinging Strike
0-2: Foul Ball, location: 2F
0-2: Strikes out swinging
Batting: RHB Allen Williams 0-0: Called Strike
0-1: Foul Ball, location: 2F
0-2: Ball
1-2: Ball
2-2: SINGLE (Groundball, 56D)
Batting: RHB José Flores 0-0: Ball
1-0: Swinging Strike
1-1: Ground out 2-3 (Groundball, 2R)
Top of the 3rd over - 0 run(s), 1 hit(s), 0 error(s), 1 left on base; Athletic Club KC Academy 2 - Minnesota 2
BOTTOM OF THE 3RD
Minnesota Loons batting - Pitching for Athletic Club KC Academy : LHP Fernando Durán
Batting: LHB Eugene Henson 0-0: Called Strike
0-1: Ball
1-1: Ball
2-1: Ball
3-1: Base on Balls
Batting: LHB Miguel Zúñiga 0-0: Swinging Strike
0-1: Ball
1-1: Ball
2-1: Ground out 5-3 (Groundball, 56S)
Eugene Henson to second
Batting: RHB Octávio Zúñiga 0-0: Called Strike
0-1: Foul Ball, location: 2F
0-2: Strikes out swinging
Batting: LHB José León 0-0: Foul Ball, location: 2F
0-1: Ground out 1-3 (Groundball, 23)
Bottom of the 3rd over - 0 run(s), 0 hit(s), 0 error(s), 1 left on base; Athletic Club KC Academy 2 - Minnesota 2
TOP OF THE 4TH
Athletic Club KC Academy batting - Pitching for Minnesota Loons : LHP Adrian Neumann
Batting: RHB Chris Teague 0-0: Ground out 6-3 (Groundball, 6)
Batting: LHB Manuel Domínguez 0-0: Ball
1-0: SINGLE (Groundball, 34D)
Batting: RHB Ted Stephens 0-0: Called Strike
0-1: Foul Ball, location: 2F
0-2: Ball
1-2: SINGLE (Groundball, 56)
Manuel Domínguez to second
Batting: RHB Iván Chacón 0-0: Ball
1-0: Ball
2-0: Swinging Strike
2-1: Fielders Choice at 2nd, 4-6 (Groundball, 34)
Manuel Domínguez to third
Batting: SHB Fernando Luna 0-0: Ball
1-0: Called Strike
1-1: Foul Ball, location: 2F
1-2: SINGLE (Groundball, 25) (infield hit)
Manuel Domínguez scores
Iván Chacón to second
Batting: SHB António Montés 0-0: SINGLE (Line Drive, 89S)
Iván Chacón to third
Fernando Luna to second
Runner from 3rd tries for Home, SAFE, no throw or cutoff
Batting: SHB Eric Moore 0-0: Ball
1-0: Foul Ball, location: 2F
1-1: Ball
2-1: Ball
3-1: Ground out 4-3 (Groundball, 4)
Top of the 4th over - 2 run(s), 4 hit(s), 0 error(s), 2 left on base; Athletic Club KC Academy 4 - Minnesota 2
BOTTOM OF THE 4TH
Minnesota Loons batting - Pitching for Athletic Club KC Academy : LHP Fernando Durán
Batting: LHB José Pacheco 0-0: Ball
1-0: Ball
2-0: Foul Ball, location: 2F
2-1: SINGLE (Flyball, 7LS)
Batting: SHB Auburn Calloway 0-0: Ball
1-0: Ball
2-0: Swinging Strike
2-1: Foul Ball, location: 2F
2-2: Ball
3-2: Foul Ball, location: 2F
3-2: Strikes out looking
Batting: RHB Nathaniel Griffin 0-0: Ball
1-0: Ball
2-0: Ground out 4-3 (Groundball, 4S)
José Pacheco to second
Batting: LHB Andrew Palmer 0-0: Ball
1-0: Called Strike
1-1: Ball
2-1: Foul Ball, location: 2F
2-2: Foul Ball, location: 2F
2-2: Foul Ball, location: 2F
2-2: Foul Ball, location: 2F
2-2: Ground out 1-3 (Groundball, 13S)
Bottom of the 4th over - 0 run(s), 1 hit(s), 0 error(s), 1 left on base; Athletic Club KC Academy 4 - Minnesota 2
TOP OF THE 5TH
Athletic Club KC Academy batting - Pitching for Minnesota Loons : LHP Adrian Neumann
Batting: RHB Allen Williams 0-0: Ball
1-0: Called Strike
1-1: Ball
2-1: Foul Ball, location: 2F
2-2: Ball
3-2: SINGLE (Groundball, 56D)
Batting: RHB José Flores 0-0: Ball
1-0: Swinging Strike
1-1: Ball
2-1: Swinging Strike
2-2: Strikes out swinging
Batting: RHB Chris Teague 0-0: Called Strike
0-1: Ball
1-1: Ball
2-1: Foul Ball, location: 2F
2-2: Ball
3-2: Foul Ball, location: 2F
3-2: Foul Ball, location: 2F
3-2: Base on Balls
Allen Williams to second
Batting: LHB Manuel Domínguez 0-0: Called Strike
0-1: Fly out, F2 (Popup, 2RF)
Batting: RHB Ted Stephens 0-0: Ball
1-0: Ball
2-0: Foul Ball, location: 2F
2-1: Ball
3-1: Called Strike
3-2: Base on Balls
Allen Williams to third
Chris Teague to second
Batting: RHB Iván Chacón 0-0: Called Strike
0-1: Ball
1-1: Fly out, F8 (Flyball, 8LM)
Top of the 5th over - 0 run(s), 1 hit(s), 0 error(s), 3 left on base; Athletic Club KC Academy 4 - Minnesota 2
BOTTOM OF THE 5TH
Minnesota Loons batting - Pitching for Athletic Club KC Academy : LHP Fernando Durán
Batting: LHB Ángel López 0-0: Swinging Strike
0-1: Ball
1-1: SINGLE (Groundball, 3S) (infield hit)
Batting: LHB Eugene Henson 0-0: Ball
1-0: Foul Ball, location: 2F
1-1: Sac Bunt - play at first, batter OUT! 1-3
Ángel López to second
Batting: LHB Miguel Zúñiga 0-0: Ball
Ángel López steals 3rd base
1-0: Called Strike
1-1: Ball
2-1: Foul Ball, location: 2F
2-2: Strikes out swinging
Pitching: LHP Alonso Muñíz
Batting: RHB Octávio Zúñiga 0-0: Called Strike
0-1: Ground out 5-3 (Groundball, 5S)
Bottom of the 5th over - 0 run(s), 1 hit(s), 0 error(s), 1 left on base; Athletic Club KC Academy 4 - Minnesota 2
TOP OF THE 6TH
Athletic Club KC Academy batting - Pitching for Minnesota Loons : LHP Adrian Neumann
Pitching: RHP Juan López
Batting: SHB Fernando Luna 0-0: SINGLE (Groundball, 3D)
Batting: SHB António Montés 0-0: Bunted foul
0-1: Sac Bunt - play at first, batter OUT! 1-4
Fernando Luna to second
Batting: SHB Eric Moore 0-0: Ball
1-0: Ball
2-0: Fly out, F7 (Flyball, 78D)
Batting: RHB Allen Williams 0-0: Called Strike
0-1: Ball
1-1: Ball
2-1: Ball
3-1: Base on Balls
Batting: RHB José Flores 0-0: Ball
1-0: Ground out U3 (Groundball, 3)
Top of the 6th over - 0 run(s), 1 hit(s), 0 error(s), 2 left on base; Athletic Club KC Academy 4 - Minnesota 2
BOTTOM OF THE 6TH
Minnesota Loons batting - Pitching for Athletic Club KC Academy : LHP Alonso Muñíz
Batting: LHB José León 0-0: Called Strike
0-1: Ball
1-1: Fly out, F8 (Flyball, 8LM)
Batting: LHB José Pacheco 0-0: Foul Ball, location: 2F
0-1: Called Strike
0-2: Strikes out swinging
Batting: SHB Auburn Calloway 0-0: SINGLE (Line Drive, 6D)
Batting: RHB Nathaniel Griffin 0-0: Ball
1-0: Swinging Strike
1-1: Fielders Choice at 2nd, U4 (Groundball, 4M)
Bottom of the 6th over - 0 run(s), 1 hit(s), 0 error(s), 1 left on base; Athletic Club KC Academy 4 - Minnesota 2
TOP OF THE 7TH
Athletic Club KC Academy batting - Pitching for Minnesota Loons : RHP Juan López
Batting: RHB Chris Teague 0-0: Foul Ball, location: 2F
0-1: SINGLE (Groundball, 6M) (infield hit)
Batting: LHB Manuel Domínguez 0-0: Ball
1-0: Called Strike
1-1: Swinging Strike
1-2: Ball
2-2: Ball
3-2: Strikes out swinging
Batting: RHB Ted Stephens 0-0: Ball
Throwing error on steal attempt, E2
Chris Teague to third
1-0: Called Strike
1-1: Ball
2-1: Ball
3-1: Called Strike
3-2: Foul Ball, location: 2F
3-2: Strikes out swinging
Batting: RHB Iván Chacón 0-0: Ball
1-0: Ball
2-0: Ball
3-0: Base on Balls
Batting: SHB Fernando Luna 0-0: Foul Ball, location: 2F
0-1: Fly out, F7 (Line Drive, 78M)
Top of the 7th over - 0 run(s), 1 hit(s), 1 error(s), 2 left on base; Athletic Club KC Academy 4 - Minnesota 2
BOTTOM OF THE 7TH
Minnesota Loons batting - Pitching for Athletic Club KC Academy : LHP Alonso Muñíz
Batting: LHB Andrew Palmer 0-0: Foul Ball, location: 2F
0-1: Foul Ball, location: 2F
0-2: Ball
1-2: Ball
2-2: Strikes out swinging
Batting: LHB Ángel López 0-0: DOUBLE (Line Drive, 7LM)
Batting: LHB Eugene Henson 0-0: Foul Ball, location: 2F
0-1: Ball
1-1: Foul Ball, location: 2F
1-2: Foul Ball, location: 2F
1-2: Ground out 4-3 (Groundball, 4)
Ángel López to third
Batting: LHB Miguel Zúñiga 0-0: Called Strike
0-1: Called Strike
0-2: Ball
1-2: Ball
2-2: Ball
3-2: Base on Balls
Batting: RHB Octávio Zúñiga 0-0: Fly out, F7 (Flyball, 78M)
Bottom of the 7th over - 0 run(s), 1 hit(s), 0 error(s), 2 left on base; Athletic Club KC Academy 4 - Minnesota 2
TOP OF THE 8TH
Athletic Club KC Academy batting - Pitching for Minnesota Loons : RHP Juan López
Batting: SHB António Montés 0-0: Called Strike
0-1: Ball
1-1: Foul Ball, location: 2F
1-2: Foul Ball, location: 2F
1-2: Foul Ball, location: 2F
1-2: Ball
2-2: Foul Ball, location: 2F
2-2: Ground out 4-3 (Groundball, 34)
Pitching: RHP Doruk Oyan
Batting: SHB Eric Moore 0-0: Ball
1-0: SINGLE (Groundball, 5D)
Batting: RHB Allen Williams 0-0: Ball
1-0: Ball
2-0: Ball
3-0: Called Strike
3-1: Called Strike
3-2: Strikes out swinging
Throwing error on steal attempt, E2
Eric Moore to third
Batting: RHB José Flores 0-0: Ball
1-0: Foul Ball, location: 2F
1-1: Called Strike
1-2: Strikes out swinging
Top of the 8th over - 0 run(s), 1 hit(s), 1 error(s), 1 left on base; Athletic Club KC Academy 4 - Minnesota 2
BOTTOM OF THE 8TH
Minnesota Loons batting - Pitching for Athletic Club KC Academy : LHP Alonso Muñíz
Batting: LHB José León 0-0: Ball
1-0: Called Strike
1-1: Foul Ball, location: 2F
1-2: Ball
2-2: SINGLE (Line Drive, 9S)
Batting: LHB José Pacheco 0-0: Ball
1-0: Called Strike
1-1: Swinging Strike
1-2: Strikes out swinging
Pitching: RHP Juan Herrera
Batting: SHB Auburn Calloway 0-0: Foul Ball, location: 2F
0-1: Swinging Strike
0-2: Ball
1-2: Ball
2-2: Ball
3-2: Strikes out swinging
José León steals 2nd base
Batter strikes out.
Batting: RHB Nathaniel Griffin 0-0: Called Strike
0-1: Swinging Strike
0-2: Strikes out swinging
Bottom of the 8th over - 0 run(s), 1 hit(s), 0 error(s), 1 left on base; Athletic Club KC Academy 4 - Minnesota 2
TOP OF THE 9TH
Athletic Club KC Academy batting - Pitching for Minnesota Loons : RHP Doruk Oyan
Batting: RHB Chris Teague 0-0: Ball
1-0: Called Strike
1-1: Fly out, F6 (Popup, 56)
Batting: LHB Manuel Domínguez 0-0: Ball
1-0: Called Strike
1-1: Ball
2-1: Called Strike
2-2: Foul Ball, location: 2F
2-2: Strikes out looking
Batting: RHB Ted Stephens 0-0: Ball
1-0: Called Strike
1-1: Ball
2-1: Foul Ball, location: 2F
2-2: Foul Ball, location: 2F
2-2: Strikes out swinging
Top of the 9th over - 0 run(s), 0 hit(s), 0 error(s), 0 left on base; Athletic Club KC Academy 4 - Minnesota 2
BOTTOM OF THE 9TH
Minnesota Loons batting - Pitching for Athletic Club KC Academy : RHP Juan Herrera
Pitching: RHP Roland Allen
Batting: LHB Andrew Palmer 0-0: Ball
1-0: Foul Ball, location: 2F
1-1: Swinging Strike
1-2: Ball
2-2: Ground out 1-3 (Groundball, 23)
Batting: LHB Ángel López 0-0: Ground out 4-3 (Groundball, 4)
Batting: LHB Eugene Henson 0-0: Called Strike
0-1: Called Strike
0-2: Strikes out swinging
Bottom of the 9th over - 0 run(s), 0 hit(s), 0 error(s), 0 left on base; Athletic Club KC Academy 4 - Minnesota 2
This league is powered by Out of the Park Baseball, the baseball management simulation game for PC, Mac and Linux
Monday, October 3rd, 2016 - OOTP Baseball 16.9 Build 39